 Dungeon Crawl Stone Soup version 0.29-a0-613-gf2c431b9b9 (webtiles) character file.

Game seed: 2995490757492211121

350 ytrimaz the Cudgeller (level 7, -4/57 HPs)
             Began as a Meteoran Fighter on June 17, 2022.
             Slain by an orc
             ... wielding a +0 mace
              (6 damage)
             ... on level 4 of the Dungeon.
             The game lasted 00:05:43 (1892 turns).

ytrimaz the Cudgeller (Meteoran Fighter)            Turns: 1892, Time: 00:05:44

Health: -4/57      AC:  8    Str: 22 (23) XL:     7   Next: 15%
Magic:  18/18      EV:  9    Int:  6 (9)  God:
Gold:   122        SH:  0    Dex: 10 (11) Spells: 4/6 levels left

rFire   . . .      SeeInvis .   a - +0 flail
rCold   . . .      Faith    .   c - +0 buckler
rNeg    . . .      Spirit   .   b - +0 scale mail
rPois   .          Reflect  +   (no helmet)
rElec   .          Harm     .   (no cloak)
rCorr   .          Rampage  .   (no gloves)
Will    .....                   (no boots)
Stlth   ..........              o - amulet of reflection
HPRegen 0.19/turn               k - ring of magical power
MPRegen 0.16/turn               (no ring)

@: confused, lethally poisoned (-4 -> -20), ambrosia-drunk, glowing
A: sense surroundings 1, otherworldly, glowing, explore regen, iridescent scales
1, clumsy 1, strong 1, devolution 1
a: no special abilities


You were on level 4 of the Dungeon.
You visited 2 branches of the dungeon, and saw 5 of its levels.

You collected 122 gold pieces.

Inventory:

Hand Weapons
 a - a +0 flail (weapon)
Armour
 b - a +0 scale mail (worn)
 c - a +0 buckler (worn)
 l - a +2 leather armour of willpower
Jewellery
 k - a ring of magical power (left hand)
 o - an amulet of reflection (around neck)
Scrolls
 g - a scroll of fog
 h - 2 scrolls of teleportation
Potions
 d - 2 potions of might


   Skills:
 - Level 3.2 Fighting
 + Level 1.1(1.3) Short Blades
 + Level 1.1(1.4) Long Blades
 - Level 7.0 Maces & Flails
 + Level 1.0 Polearms
 + Level 1.0(1.2) Slings
 + Level 1.0 Bows
 + Level 0.9 Crossbows
 + Level 1.0(1.2) Throwing
 - Level 3.6 Armour
 - Level 3.6 Shields
 + Level 1.0 Air Magic
 + Level 1.0 Earth Magic
 + Level 1.2 Poison Magic
 + Level 1.3 Invocations
 + Level 1.0 Evocations


You had 4 spell levels left.
You knew the following spells:

 Your Spells              Type           Power      Damage    Failure   Level
a - Wereblood             Tmut           0%         N/A       95%         2

Your spell library contained the following spells:

 Spells                   Type           Power      Damage    Failure   Level
 Foxfire                  Conj/Fire      0%         2x1d4     86%         1
 Summon Small Mammal      Summ           0%         N/A       86%         1
 Sublimation of Blood     Necr           0%         N/A       95%         2
 Call Canine Familiar     Summ           0%         N/A       99%         3
 Conjure Flame            Conj/Fire      0%         6-21      99%         3
 Inner Flame              Hex/Fire       0%         N/A       99%         3
 Summon Guardian Golem    Hex/Summ       0%         N/A       99%         3
 Flame Wave               Conj/Fire      0%         2d4       100%        4
 Summon Hydra             Summ           0%         N/A       100%        7


Dungeon Overview and Level Annotations

Branches:
Dungeon (4/15) Zot: 511    Temple (1/1) D:4 Zot: 578

Altars:
Cheibriados
Elyvilon
Fedhas
Hepliaklqana
Kikubaaqudgha
Makhleb
Nemelex Xobeh
Okawaru
Qazlal
Sif Muna
Uskayaw
Vehumet
Xom
Yredelemnul
The Shining One

Shops:
D:4 ?


Innate Abilities, Weirdness & Mutations

You passively map a small area around you.
You are easily found by Zot.
You glow in the dark.
You regain HP and MP as you explore.
You are partially covered in iridescent scales. (AC +2)
You are clumsy. (Dex -2)
Your muscles are strong. (Str +4, Int/Dex-1)
You have hidden genetic defects.


Message History

Something hits you.
* * * LOW HITPOINT WARNING * * *
You feel sick. Something hits you.
* * * LOW HITPOINT WARNING * * *
You are lethally poisoned!
The orc hits you with a +0 mace.
* * * LOW HITPOINT WARNING * * *
Unknown command.
The orc attacks as you move away! The orc barely misses you.
You feel less invigorated.
You feel less confused.
* * * LOW HITPOINT WARNING * * *
You feel very sick.
You are confused.
You feel invigorated.
* * * LOW HITPOINT WARNING * * *
You feel very sick. The orc closely misses you.
Something hits you but does no damage.
Unknown command.
Something hits you but does no damage.
You are more poisoned.
The orc attacks as you move away! The orc hits you but does no damage.
* * * LOW HITPOINT WARNING * * *
You feel very sick.
You're too confused to move!
* * * LOW HITPOINT WARNING * * *
You feel very sick. The orc hits you with a +0 mace.
* * * LOW HITPOINT WARNING * * *
Something hits you but does no damage.
You are more poisoned.
You're too confused to move!
* * * LOW HITPOINT WARNING * * *
You feel very sick.
You hear some strange, mumbled words.
A magic dart appears from out of thin air!
The magic dart hits you.
* * * LOW HITPOINT WARNING * * *
The orc hits you with a +0 mace.
You die...

#.#######.# ###.#
#.........#####...###
#.........#..........
########.........#.##)......
#................#.#<...#.#.
#.........######...#..#.#.#.
#.......).### #####..#.....
##........{.########.....##.
#........o@...........#....
#...........>...###...#....
#.........>.............#.#
#..........####.####.##.#.#
#..........#***<#,.........
#######.#..#,,,,,.##...#.##
#.#..#,**,*,*#...#...
#.....,**,*,##.#....#
***,*****,*,#..#.##..


You could see an orc.

Vanquished Creatures
  An ogre (D:4)
  A jelly (D:4)
  An orc priest (D:4)
  A gnoll shaman (D:3)
  An iguana (D:4)
  3 gnolls (D:3)
  4 adders
  3 dart slugs
  2 worms
  8 orcs
  2 endoplasms
  A giant cockroach (D:1)
  5 hobgoblins
  5 jackals
  4 quokkas
  4 ball pythons
  9 bats
  4 frilled lizards
  7 goblins
  2 kobolds
  7 rats
75 creatures vanquished.

Vanquished Creatures (others)
  4 toadstools (D:1)
4 creatures vanquished.

Grand Total: 79 creatures vanquished

Notes
Turn   | Place    | Note
-------+----------+-------------------------------------------
     0 | D:1      | ytrimaz the Meteoran Fighter began the quest for the Orb.
     0 | D:1      | Reached XP level 1. HP: 19/19 MP: 2/2
    56 | D:1      | Reached skill level 3 in Maces & Flails
   164 | D:1      | Reached XP level 2. HP: 26/26 MP: 3/3
   398 | D:1      | Reached skill level 4 in Maces & Flails
   459 | D:1      | Reached XP level 3. HP: 31/31 MP: 4/4
   506 | D:2      | Found a faded altar of an unknown god.
   769 | D:2      | Reached skill level 5 in Maces & Flails
   769 | D:2      | Reached XP level 4. HP: 16/38 MP: 5/5
  1059 | D:3      | Learned a level 2 spell: Wereblood
  1072 | D:3      | Reached skill level 6 in Maces & Flails
  1072 | D:3      | Reached XP level 5. HP: 45/45 MP: 6/6
  1277 | D:3      | Reached skill level 7 in Maces & Flails
  1666 | D:4      | Noticed an ogre
  1667 | D:4      | Found a staircase to the Ecumenical Temple.
  1694 | D:4      | Reached XP level 6. HP: 51/51 MP: 7/7
  1702 | D:4      | Killed an ogre
  1703 | D:4      | Reached skill level 1 in Poison Magic
  1703 | D:4      | Reached skill level 1 in Invocations
  1713 | D:4      | Reached skill level 1 in Long Blades
  1713 | D:4      | Reached skill level 1 in Polearms
  1713 | D:4      | Reached skill level 1 in Earth Magic
  1725 | D:4      | Reached skill level 1 in Short Blades
  1725 | D:4      | Reached skill level 1 in Bows
  1725 | D:4      | Reached XP level 7. HP: 47/57 MP: 8/8
  1727 | D:4      | Reached skill level 1 in Throwing
  1729 | D:4      | Reached skill level 1 in Slings
  1733 | D:4      | Reached skill level 1 in Air Magic
  1740 | D:4      | Noticed a water elemental
  1741 | D:4      | Found a stormy altar of Qazlal.
  1752 | D:4      | Found Beug's Magic Scroll Boutique.
  1753 | D:4      | Noticed an air elemental
  1781 | Temple   | Entered the Ecumenical Temple
  1812 | D:4      | Reached skill level 1 in Evocations
  1880 | D:4      | Gained mutation: You have hidden genetic defects. [potion
                  | of mutation]
  1880 | D:4      | Gained mutation: You are clumsy. (Dex -2) [potion of
                  | mutation]
  1880 | D:4      | Gained mutation: Your muscles are strong. (Str +4,
                  | Int/Dex-1) [potion of mutation]
  1880 | D:4      | Gained mutation: You are partially covered in iridescent
                  | scales. (AC +2) [potion of mutation]
  1883 | D:4      | HP: 1/57 [orc/+0 mace (3)]
  1892 | D:4      | HP: 2/57 [something/magic dart (6)]
  1892 | D:4      | Slain by an orc

Illustrated notes

Levels and vault maps discovered:
D:1:      ldierk_water_garden, layout_basic, minmay_liquid_box
D:2:      layout_loops_ring, hellmonk_ecumenical_altar_zigzags
D:3:      minmay_bubble_buster, layout_basic, nicolae_elevator_lobby_plus
D:4:      layout_basic, nicolae_qazlal_style_of_elements,
          minmay_temple_entry_ruins, serial_shops, shop, portal_sewer_entry_b
Temple:   eino_temple_lava

Skill      XL: |  1  2  3  4  5  6  7 |
---------------+----------------------+-----
Maces & Flails | 3 4 5 6 7 |  7.0
Poison Magic   | 1 |  1.2
Invocations    | 1 |  1.3
Long Blades    | 1 |  1.1
Polearms       | 1 |  1.0
Earth Magic    | 1 |  1.0
Short Blades   | 1 |  1.1
Bows           | 1 |  1.0
Throwing       | 1 |  1.0
Slings         | 1 |  1.0
Air Magic      | 1 |  1.0
Evocations     | 1 |  1.0
Fighting       | |  3.2
Crossbows      | |  0.9
Armour         | |  3.6
Shields        | |  3.6

Action                   |  1- 3 |  4- 6 |  7- 9 || total
-------------------------+-------+-------+-------++-------
Melee: Flail             |    78 |   127 |    29 ||   234
  Use: Potion            |       |     3 |     4 ||     7
       Scroll            |       |     4 |       ||     4
Armor: Scale mail        |    49 |    85 |    12 ||   146
Dodge: Dodged            |    44 |    54 |    16 ||   114
Block: Buckler           |    26 |    42 |    16 ||    84

Table legend: (Time is in decaauts)
 A = Elapsed time spent in this place.
 B = Non-inter-level travel time spent in this place.
 C = Inter-level travel time spent in this place.
 D = Time resting spent in this place.
 E = Time spent auto-exploring this place.
 F = Levels seen in this place.
 G = Mean time per level.
                   A        B        C        D        E       F      G
               +--------+--------+--------+--------+--------+-----+--------+
         Total |   1909 |   1825 |     84 |      0 |    837 |   5 |  381.8 |
       Dungeon |   1888 |   1804 |     84 |      0 |    837 |   4 |  472.0 |
        Temple |     21 |     21 |      0 |      0 |      0 |   1 |   21.0 |
               +--------+--------+--------+--------+--------+-----+--------+

Top non-repeatable levels by time:
     D:3: 801 daAuts
     D:1: 486 daAuts
     D:2: 403 daAuts
     D:4: 196 daAuts
  Temple: 21 daAuts
